 Dungeon Crawl Stone Soup version 0.29-a0-885-gb26ba3297d (webtiles) character file.

Game seed: 2114434195731581203

320 dolemite99 the Slasher (level 6, -2/51 HPs)
             Began as a Minotaur Abyssal Knight on July 21, 2022.
             Was an Elder of Lugonu.
             Slain by a vampire (9 damage)
             ... on level 5 of the Dungeon.
             The game lasted 00:06:07 (4612 turns).

dolemite99 the Slasher (Minotaur Abyssal Knight)    Turns: 4612, Time: 00:06:07

Health: -2/51      AC: 11    Str: 17    XL:     6   Next: 22%
Magic:  5/6        EV:  5    Int:  7    God:    Lugonu [****..]
Gold:   352        SH:  9    Dex: 13    Spells: 5/5 levels left

rFire   . . .      SeeInvis .   a - +1 falchion
rCold   . . .      Faith    .   j - +0 kite shield
rNeg    . . .      Spirit   .   t - +0 chain mail
rPois   .          Reflect  .   (helmet restricted)
rElec   .          Harm     .   m - +0 cloak
rCorr   .          Rampage  .   g - +0 pair of gloves
Will    .....                   (no boots)
Stlth   ..........              (no amulet)
HPRegen 0.17/turn               (no ring)
MPRegen 0.10/turn               (no ring)

@: lethally poisoned (-2 -> -17), studying Maces & Flails
A: horns 2, retaliatory headbutt
a: Renounce Religion, Depart the Abyss, Bend Space, Banish, Corrupt


You were on level 5 of the Dungeon.
You worshipped Lugonu.
Lugonu was greatly pleased with you.
You visited 1 branch of the dungeon, and saw 5 of its levels.
You visited the Abyss 1 time.

You collected 352 gold pieces.

Inventory:

Hand Weapons
 a - a +1 falchion (weapon)
 u - a +0 sling
Missiles
 r - 8 poisoned darts
Armour
 g - a +0 pair of gloves (worn)
 j - a +0 kite shield (worn)
 l - a +0 scale mail
 m - a +0 cloak (worn)
 t - a +0 chain mail (worn)
Magical Staves
 e - a staff of fire
Wands
 o - a wand of flame (20)
Scrolls
 h - 2 scrolls of amnesia
 i - 3 scrolls of identify {@r1}
 p - a scroll of acquirement {unknown}
Potions
 d - 4 potions of flight
 f - a potion of brilliance {unknown}
 k - a potion of mutation
 n - a potion of attraction {unknown}
 q - a potion of cancellation {unknown}
 s - a potion of curing


   Skills:
 - Level 3.6 Fighting
 + Level 6.4 Long Blades
 - Level 2.4 Armour
 - Level 1.1 Dodging
 - Level 4.5 Shields
 - Level 1.7 Invocations


You had 5 spell levels left.
You didn't know any spells.
Your spell library contained the following spells:

 Spells                   Type           Power      Damage    Failure   Level
 Necrotise                Necr           0%         1d4       100%        1
 Gell's Gravitas          Tloc           0%         N/A       100%        3
 Teleport Other           Tloc           0%         N/A       100%        3
 Vampiric Draining        Necr           0%         2d6       100%        3
 Summon Ice Beast         Ice/Summ       0%         N/A       100%        4
 Agony                    Necr           0%         N/A       100%        5
 Summon Forest            Summ/Tloc      0%         N/A       100%        5
 Summon Mana Viper        Hex/Summ       0%         N/A       100%        5
 Dispersal                Tloc           0%         N/A       100%        6
 Summon Cactus Giant      Summ           0%         N/A       100%        6
 Disjunction              Tloc           0%         N/A       100%        8
 Ignition                 Fire           0%         3d3       100%        8


Dungeon Overview and Level Annotations

Branches:
Dungeon (5/15)
 Temple: D:4-7

Altars:
Dithmenos
Nemelex Xobeh

Annotations:
D:2 1 runed translucent door, Crazy Yiuf


Innate Abilities, Weirdness & Mutations

You have a pair of horns on your head.
You reflexively headbutt those who attack you in melee.


Message History

You bump into the rock wall.
The vampire hits you. The vampire bites you.
The vampire draws strength from your injuries!
The vampire hits you but does no damage.
The vampire barely misses you. The vampire attacks as you move away!
The vampire hits you! The vampire bites you!
The vampire draws strength from your injuries!
The vampire hits you.
* * * LOW HITPOINT WARNING * * *
The vampire bites you!
* * * LOW HITPOINT WARNING * * *
The vampire draws strength from your injuries!
You feel less confused. The vampire barely misses you.
You block the vampire's attack.
The air fills with toxic fumes!
As you read the scroll labelled FAXUB DUCLAUJO, it crumbles to dust.
It was a scroll of poison.
The vampire hits you.
* * * LOW HITPOINT WARNING * * *
The vampire bites you but does no damage.
You feel better.
The vampire hits you but does no damage.
The vampire bites you but does no damage.
You feel better. You block the vampire's attack.
The vampire bites you but does no damage.
As you read the scroll labelled SUMAAC MIUHAE, it crumbles to dust.
The scroll dissolves into smoke.
It was a scroll of fog.
A phantom comes into view.
The vampire hits you but does no damage.
The vampire bites you but does no damage.
Okay, then.
You open the door.
The vampire hits you but does no damage.
The vampire barely misses you. Space bends violently around you!
You blink.
You are engulfed in poison gas.
You are lethally poisoned!
* * * LOW HITPOINT WARNING * * *
x2 You feel very sick.
The vampire barely misses you. You furiously retaliate!
You headbutt the vampire. The vampire bites you!
You die...

##+## #☼§☼# #
#+#☼§§#+#
#.#§☼§§@§§#
#.###§V☼###
#...'§§☼§§#
....#.#####W#+#
.. #...#...§§#
###†'.....#
#.#.....#
#.###.#+#
#.<.+.#


You could see a vampire and a phantom.

Vanquished Creatures
  2 orc priests (D:3)
  2 iguanas (D:4)
  2 orc wizards
  4 adders
  A worm (D:3)
  2 dart slugs (D:3)
  9 orcs
  6 ball pythons
  9 endoplasms
  5 giant cockroaches
  8 goblins
  6 hobgoblins
  16 jackals
  8 quokkas
  7 bats
  5 frilled lizards (D:1)
  4 kobolds
  A rat (D:2)
97 creatures vanquished.

Notes
Turn   | Place    | Note
-------+----------+-------------------------------------------
     0 | Abyss:1  | dolemite99 the Minotaur Abyssal Knight began the quest for
                  | the Orb.
     0 | Abyss:1  | Reached XP level 1. HP: 19/19 MP: 1/1
     3 | D:1      | Escaped the Abyss
    83 | D:1      | Reached skill level 3 in Long Blades
    86 | D:1      | Reached XP level 2. HP: 16/26 MP: 2/2
   469 | D:1      | Reached skill level 4 in Long Blades
   712 | D:1      | Found a faded altar of an unknown god.
   720 | D:1      | Reached XP level 3. HP: 27/31 MP: 3/3
  1175 | D:2      | Reached *** piety under Lugonu
  1355 | D:2      | Reached skill level 1 in Shields
  1712 | D:2      | Identified the +5 pair of gloves "Onwujul" {rC- rN+++
                  | Str+3}
  1890 | D:2      | Reached XP level 4. HP: 39/39 MP: 4/4
  1903 | D:2      | Found a runed translucent door.
  1904 | D:2      | Noticed Crazy Yiuf
  2720 | D:3      | Got Sif Muna's Omnibus of Production and Embers
  2782 | D:3      | Reached XP level 5. HP: 45/45 MP: 5/5
  3184 | D:4      | Reached skill level 5 in Long Blades
  3539 | D:4      | Reached **** piety under Lugonu
  3725 | D:4      | Found a sparkling altar of Nemelex Xobeh.
  3777 | D:4      | Reached skill level 6 in Long Blades
  3777 | D:4      | Reached XP level 6. HP: 51/51 MP: 6/6
  4269 | D:4      | Found a shadowy altar of Dithmenos.
  4582 | D:5      | Entered Level 5 of the Dungeon
  4598 | D:5      | Noticed a vampire
  4607 | D:5      | HP: 1/51 [vampire (6)]
  4612 | D:5      | Slain by a vampire

Illustrated notes

Levels and vault maps discovered:
D:1:      dpeg_arrival_tiny_h, layout_loops_cross,
          hellmonk_ecumenical_altar_arch_garden
D:2:      layout_rooms, nicolae_kite_square_tiling_tiny, grunt_decor_clamped,
          uniq_crazy_yiuf_cottage
D:3:      layout_basic, nicolae_elevator_lobby_asterisk
D:4:      layout_loops_ring, mainiacjoe_overflow_large_starburst,
          minmay_manual_monolith
D:5:      nicolae_cairo_tiling_large, layout_basic, palyth_temple_overflow_mages

Skill      XL: |  1  2  3  4  5 |
---------------+----------------+-----
Long Blades    | 3 4 6 |  6.4
Shields        | 2 4 |  4.5
Fighting       | |  3.6
Armour         | |  2.4
Dodging        | |  1.1
Invocations    | |  1.7

Action                   |  1- 3 |  4- 6 || total
-------------------------+-------+-------++-------
Melee: Falchion          |   103 |   149 ||   252
       Headbutt          |    11 |    15 ||    26
Invok: Bend Space        |       |     1 ||     1
  Use: Scroll            |     3 |     5 ||     8
       Potion            |       |     3 ||     3
Armor: Ring mail         |    28 |       ||    28
       Leather armour    |     7 |       ||     7
       Scale mail        |     4 |    41 ||    45
       Chain mail        |       |    29 ||    29
Dodge: Dodged            |    71 |    48 ||   119
Block: Kite shield       |    10 |    65 ||    75

Table legend: (Time is in decaauts)
 A = Elapsed time spent in this place.
 B = Non-inter-level travel time spent in this place.
 C = Inter-level travel time spent in this place.
 D = Time resting spent in this place.
 E = Time spent auto-exploring this place.
 F = Levels seen in this place.
 G = Mean time per level.
                   A        B        C        D        E       F      G
               +--------+--------+--------+--------+--------+-----+--------+
         Total |   4656 |   4539 |    117 |   1150 |   2422 |   6 |  776.0 |
       Dungeon |   4653 |   4536 |    117 |   1150 |   2422 |   5 |  930.6 |
         Abyss |      3 |      3 |      0 |      0 |      0 |   1 |    3.0 |
               +--------+--------+--------+--------+--------+-----+--------+

Top non-repeatable levels by time:
     D:4: 1422 daAuts
     D:2: 1200 daAuts
     D:1: 1169 daAuts
     D:3: 830 daAuts
     D:5: 30 daAuts
 Abyss:1: 3 daAuts
